 Dungeon Crawl Stone Soup version 0.29.1-2-gbd0b4ee654 (webtiles) character file.

Game seed: 16367902882427017742

827 RKaid the Sneak (level 7, -4/46 HPs)
             Began as an Octopode Air Elementalist on Nov 27, 2022.
             Was an Initiate of Gozag.
             Slain by a kobold
             ... wielding a +0 whip
              (5 damage)
             ... in a sewer.
             The game lasted 00:18:02 (6500 turns).

RKaid the Sneak (Octopode Air Elementalist)         Turns: 6500, Time: 00:18:03

Health: -4/46      AC:  1    Str:  7    XL:     7   Next: 97%
Magic:  9/13       EV: 13    Int: 19    God:    Gozag
Gold:   547        SH:  0    Dex: 13    Spells: 8/14 levels left

rFire   . . .      SeeInvis .   a - +1 dagger (protect)
rCold   . . .      Faith    .   (no shield)
rNeg    . . .      Spirit   .   (helmet restricted)
rPois   .          Reflect  .   (no amulet)
rElec   .          Harm     .   (no ring)
rCorr   .          Rampage  .   (no ring)
Will    .....                   (no ring)
Stlth   +++++.....              (no ring)
HPRegen 0.15/turn               (no ring)
MPRegen 0.13/turn               (no ring)
                                (no ring)
                                (no ring)

@: lethally poisoned (-4 -> -7), slowed, very slow
A: almost no armour, amphibious, 8 rings, camouflage 1, gelatinous body 1,
nimble swimmer 1, tentacles
a: Renounce Religion, Potion Petition, Call Merchant, Bribe Branch


You were in a sewer.
You worshipped Gozag.
Gozag was pleased with you.
You visited 2 branches of the dungeon, and saw 7 of its levels.
You also visited: Sewer.

You collected 636 gold pieces.
You paid 89 gold pieces to Gozag.

Inventory:

Hand Weapons
 a - a +1 dagger of protection (weapon)
   (You took it off an orc wizard on level 4 of the Dungeon)
 b - a +2 dagger of venom
   (You took it off a goblin on level 2 of the Dungeon)
 q - a +2 hand axe of freezing
   (You took it off an orc on level 3 of the Dungeon)
Magical Staves
 d - a staff of death {rN+}
   (You found it on level 1 of the Dungeon)
Jewellery
 o - an amulet of faith {Faith, !P}
   (You found it on level 2 of the Dungeon)
Wands
 n - a wand of flame (14)
   (You took it off Natasha on level 2 of the Dungeon)
Scrolls
 g - a scroll of immolation {unknown}
 i - a scroll of poison {unknown}
 s - 2 scrolls of enchant armour
 t - a scroll of teleportation
 u - a scroll of butterflies {unknown}
 y - a scroll of amnesia {unknown}
 A - 2 scrolls of fear
 B - a scroll of magic mapping {!r}
Potions
 c - a potion of curing {unknown}
 e - a potion of invisibility {unknown}
 f - a potion of ambrosia {unknown}
 h - 2 potions of heal wounds
 j - 2 potions of flight {unknown}
 k - 2 potions of degeneration {unknown}
 l - a potion of cancellation {unknown}
 m - 2 potions of might {unknown}
 p - a potion of mutation {unknown}
 v - a potion of lignification {unknown}
 w - a potion of haste {unknown}
 x - 2 potions of brilliance {unknown}
 z - 2 potions of magic


   Skills:
 + Level 3.5 Fighting
 - Level 2.0 Dodging
 + Level 6.0 Stealth
 + Level 4.0 Spellcasting
 - Level 3.2 Conjurations
 * Level 5.2 Air Magic


You had 8 spell levels left.
You knew the following spells:

 Your Spells              Type           Power      Damage    Failure   Level
a - Shock                 Conj/Air       80%        1d8       2%          1
b - Magic Dart            Conj           64%        1d6       3%          1
c - Airstrike             Air            11%        2d(2-18)  16%         4

Your spell library contained the following spells:

 Spells                   Type           Power      Damage    Failure   Level
 Static Discharge         Conj/Air       20%        3-6/arc   3%          2
 Swiftness                Air            23%        N/A       4%          3
 Searing Ray              Conj           32%        2d5       5%          2
 Poisonous Vapours        Pois/Air       26%        N/A       7%          2
 Sting                    Tmut/Pois      12%        1d3       14%         1
 Fulminant Prism          Conj/Hex       4%         3d6       56%         4
 Olgreb's Toxic Radiance  Pois           3%         N/A       80%         4


Dungeon Overview and Level Annotations

Branches:
Dungeon (6/15)             Temple (1/1) D:4           Sewer (1/1)

Altars:
Ashenzari
Cheibriados
Fedhas
Gozag
Hepliaklqana
Kikubaaqudgha
Makhleb
Nemelex Xobeh
Okawaru
Ru
Sif Muna
Trog
Uskayaw
Vehumet
Wu Jian
Xom
The Shining One

Shops:
D:3 =

Annotations:
D:3 1 runed translucent door, BreadTh's ghost, amateur OgCA
D:5 Edmund; Sigmund
D:6 1 transporter, LaMa's ghost, novice MiBe


Innate Abilities, Weirdness & Mutations

You cannot wear most types of armour.
You are amphibious.
You can wear up to eight rings at the same time.
Your skin changes colour to match your surroundings (Stealth+).
Your rubbery body absorbs attacks. (AC +1, EV +1)
You are camouflaged when in or above water. (Stealth+)
You have tentacles for arms and can constrict up to eight enemies at once.


Message History

You grab the kobold brigand.
You squeeze the kobold brigand, but do no damage.
You constrict the kobold brigand.
The kobold hits you but does no damage. x2
The kobold brigand closely misses you.
You release your grip on the kobold brigand.
The kobold hits you with a +0 short sword.
The kobold brigand hits you with a +0 club.
You barely miss the kobold brigand. Your grab misses the kobold brigand.
The kobold barely misses you. The kobold brigand closely misses you.
You hit the kobold brigand but do no damage.
You grab the kobold brigand. You constrict the kobold brigand.
The kobold misses you.
The kobold hits you but does no damage. x2
The kobold brigand closely misses you.
You hit the kobold brigand but do no damage.
Your squeeze misses the kobold brigand. You constrict the kobold brigand.
The kobold hits you but does no damage. x2
The kobold hits you with a +0 short sword.
The kobold brigand hits you with a +0 club.
Casting: Shock (safe; 2% risk of failure)
Confirm with . or Enter, or press ? or * to list all spells.
Aiming: Magic Dart (safe; 3% risk of failure)
Press: ? - help, Shift-Dir - straight line, f - kobold
Aim: a kobold, wielding a +0 club (100% to hit)
The magic dart hits the kobold.
You constrict the kobold brigand. The kobold hits you but does no damage.
The kobold is distracted by your dazzling golden aura.
The kobold barely misses you.
The kobold brigand hits you with a +0 club.
The kobold shouts!
Casting: Magic Dart (safe; 3% risk of failure)
Confirm with . or Enter, or press ? or * to list all spells.
Aiming: Shock (safe; 2% risk of failure)
Press: ? - help, Shift-Dir - straight line, f/p - kobold
Aim: a kobold, wielding a +0 club (moderately wounded, 64% to hit)
The zap hits the kobold.
You kill the kobold!
You constrict the kobold brigand.
The kobold hits you with a +0 short sword.
The kobold brigand barely misses you. The kobold hits you but does no damage.
Casting: Shock (safe; 2% risk of failure)
Confirm with . or Enter, or press ? or * to list all spells.
Aiming: Shock (safe; 2% risk of failure)
Press: ? - help, Shift-Dir - straight line That beam is likely to hit you.
Continue anyway?
Okay, then.
You release your grip on the kobold brigand.
The kobold brigand attacks as you move away!
The kobold brigand hits you with a +0 club.
The kobold brigand throws a curare-tipped dart.
The curare-tipped dart hits you.
You are poisoned.
You have difficulty breathing.
* * * LOW HITPOINT WARNING * * *
You feel yourself slow down.
You feel much better.
You feel very sick. The kobold hits you but does no damage.
The kobold closely misses you.
Aiming: Throw Flame
Press: ? - help, Shift-Dir - straight line, f - kobold brigand
Aim: a kobold brigand, wielding a +0 club and quivering curare-tipped darts (moderately wounded, 60% to hit)
The puff of flame hits the kobold brigand.
You feel very sick.
The kobold brigand hits you with a +0 club.
The kobold barely misses you. x2; The kobold completely misses you.
The kobold barely misses you. The kobold brigand misses you.
Okay, then.
Unknown command.
Casting: Shock (safe; 2% risk of failure)
Confirm with . or Enter, or press ? or * to list all spells.
Aiming: Shock (safe; 2% risk of failure)
Press: ? - help, Shift-Dir - straight line, f/p - kobold brigand
Aim: a kobold brigand, wielding a +0 club and quivering curare-tipped darts (heavily wounded, 64% to hit)
That beam is likely to hit you.
Continue anyway? [Y]es or [N]o only, please.
That beam is likely to hit you.
Continue anyway?
Okay, then.
Casting: Shock (safe; 2% risk of failure)
Confirm with . or Enter, or press ? or * to list all spells.
Aiming: Magic Dart (safe; 3% risk of failure)
Press: ? - help, Shift-Dir - straight line, f/p - kobold brigand
Aim: a kobold brigand, wielding a +0 club and quivering curare-tipped darts (heavily wounded, 100% to hit)
The magic dart hits the kobold brigand.
You feel sick.
The kobold hits you with a +0 short sword.
The kobold brigand hits you with a +0 club.
The kobold closely misses you.
Casting: Magic Dart (safe; 3% risk of failure)
Confirm with . or Enter, or press ? or * to list all spells.
Aiming: Magic Dart (safe; 3% risk of failure)
Press: ? - help, Shift-Dir - straight line, f/p - kobold brigand
Aim: a kobold brigand, wielding a +0 club and quivering curare-tipped darts (severely wounded, 100% to hit)
The magic dart hits the kobold brigand.
You feel sick. The kobold brigand closely misses you.
The kobold hits you with a +0 whip.
* * * LOW HITPOINT WARNING * * *
The kobold hits you with a +0 short sword.
* * * LOW HITPOINT WARNING * * *
The kobold hits you with a +0 short sword.
* * * LOW HITPOINT WARNING * * *
The kobold brigand misses you. The kobold hits you with a +0 whip.
You die...
Your body crumbles into a pile of gold.

~. ~~P
#################~~~
#≈~~~~~~~~~~~~~~~~~~
#≈≈~≈≈≈≈≈~≈≈≈≈≈~≈≈≈≈
#≈~~~~~~~~~~~~~~~~~~
###'########~~######
#...#....#.~~~P~....
#.∩.#)∩!.$.K@P~~....
#.∩.#.[..'$KK......P
#####!...#..........
#### ###........
#.##..... ### #####


You could see a kobold brigand and 2 kobolds.

Vanquished Creatures
  2 black bears
  A kobold brigand (D:6)
  A bullfrog (D:6)
  A scorpion (D:4)
  A gnoll bouda (D:6)
  An orc priest (D:5)
  An iguana (D:4)
  An orc wizard (D:4)
  Natasha (thrice) (D:2)
  5 gnolls (D:6)
  9 adders
  2 river rats (D:6)
  A shadow imp (D:6)
  A white imp (D:5)
  2 worms
  2 dart slugs
  8 orcs
  9 ball pythons
  4 bats
  7 endoplasms
  3 giant cockroaches
  12 goblins
  8 hobgoblins
  3 jackals (D:4)
  3 frilled lizards
  19 kobolds
  7 rats
  A toadstool (D:5)
118 creatures vanquished.

Vanquished Creatures (others)
  4 fungi (D:5)
  2 plants (D:4)
  5 toadstools (D:5)
  2 withered plants (D:3)
13 creatures vanquished.

Grand Total: 131 creatures vanquished

Notes
Turn   | Place    | Note
-------+----------+-------------------------------------------
     0 | D:1      | RKaid the Octopode Air Elementalist began the quest for the
                  | Orb.
     0 | D:1      | Reached XP level 1. HP: 11/11 MP: 3/3
   120 | D:1      | Found a faded altar of an unknown god.
   359 | D:1      | Reached skill level 3 in Stealth
   359 | D:1      | Reached XP level 2. HP: 12/18 MP: 0/5
  1166 | D:2      | Reached XP level 3. HP: 22/22 MP: 4/6
  1365 | D:2      | Noticed Natasha
  1443 | D:2      | Killed Natasha
  1444 | D:2      | Reached skill level 1 in Fighting
  1580 | D:2      | Noticed Natasha
  1591 | D:2      | Killed Natasha
  1592 | D:2      | Reached XP level 4. HP: 22/28 MP: 5/7
  1717 | D:2      | Reached skill level 2 in Conjurations
  1860 | D:2      | Noticed Natasha
  1868 | D:2      | Killed Natasha
  1869 | D:2      | Reached skill level 4 in Stealth
  1869 | D:2      | Reached XP level 5. HP: 27/34 MP: 1/9
  2504 | D:2      | Identified the +5 sling of the Countless Wonders {vorpal,
                  | rC+ Stlth+}
  2677 | D:3      | Found a blossoming altar of Fedhas.
  2788 | D:3      | Found Acefaux's Jewellery Shop.
  2818 | D:3      | Found a runed translucent door.
  2818 | D:3      | Noticed BreadTh's ghost (amateur OgCA)
  2880 | D:3      | Learned a level 1 spell: Magic Dart
  2885 | D:3      | Learned a level 4 spell: Airstrike
  2947 | D:3      | Reached skill level 2 in Fighting
  3707 | D:4      | Reached skill level 3 in Spellcasting
  3967 | D:4      | Reached XP level 6. HP: 39/39 MP: 7/10
  4042 | D:4      | Reached skill level 4 in Air Magic
  4088 | D:4      | Found a staircase to the Ecumenical Temple.
  4128 | Temple   | Entered the Ecumenical Temple
  4598 | D:4      | Noticed a black bear
  4652 | D:4      | Found a shimmering blue altar of Sif Muna.
  4747 | D:4      | Found an opulent altar of Gozag.
  4758 | D:4      | Became a worshipper of Gozag Ym Sagoz the Greedy
  5009 | D:4      | Killed a black bear
  5010 | D:4      | Reached skill level 5 in Stealth
  5010 | D:4      | Reached skill level 3 in Conjurations
  5096 | D:5      | Entered Level 5 of the Dungeon
  5207 | D:5      | Reached XP level 7. HP: 45/45 MP: 7/12
  5558 | D:5      | Reached skill level 3 in Fighting
  5747 | D:5      | Noticed Edmund
  5753 | D:5      | Noticed Sigmund
  6034 | D:6      | Found a transporter.
  6036 | D:6      | Noticed LaMa's ghost (novice MiBe)
  6109 | D:6      | Reached skill level 5 in Air Magic
  6288 | D:6      | Reached skill level 6 in Stealth
  6344 | D:6      | Found a glowing drain.
  6361 | D:6      | Reached skill level 4 in Spellcasting
  6382 | Sewer    | Entered a sewer
  6500 | Sewer    | HP: 7/46 [kobold/+0 whip (5)]
  6500 | Sewer    | HP: 1/46 [kobold/+0 short sword (5)]
  6500 | Sewer    | Slain by a kobold

Illustrated notes

Levels and vault maps discovered:
D:1:      lemuel_arrival_cross, layout_basic, basic_ecumenical_altar,
          nicolae_eternal_life
D:2:      layout_basic, minmay_misc_feat_tiny, uniq_natasha
D:3:      layout_loops_cross, fedhas_altar_2, gammafunk_ghost_grave,
          serial_shops, nicolae_diamond_shop, serial_park_tiny_pond
D:4:      layout_basic, amcnicky_altar_gilded,
          nicolae_gozag_cash_rules_everything_around_me,
          minmay_temple_entry_ruins, serial_forest,
          infiniplex_forest_lined_room_3, infiniplex_forest_straight_1,
          infiniplex_forest_clump_medium, infiniplex_forest_end_2,
          infiniplex_forest_end_2
D:5:      layout_loops_cross, minmay_gold_behind_fungi, sigmund_edmund_badplayer
D:6:      layout_layer_cave, lemuel_doored_altar,
          mainiacjoe_overflow_small_starburst, serial_shops,
          nicolae_shop_crystal, gammafunk_ghost_stat_death,
          portal_sewer_entry_e, hangedman_decor_peaks_small, uniq_edmund
Temple:   minmay_temple_curvy_branch
Sewer:    kennysheep_pipe_town

Skill      XL: |  1  2  3  4  5  6  7 |
---------------+----------------------+-----
Stealth        | 3 4 5 6 |  6.0
Fighting       | 1 2 3 |  3.5
Conjurations   | 2 3 |  3.2
Spellcasting   | 3 4 |  4.0
Air Magic      | 4 5 |  5.2
Dodging        | |  2.0

Action                   |  1- 3 |  4- 6 |  7- 9 || total
-------------------------+-------+-------+-------++-------
Melee: Unarmed           |     2 |       |       ||     2
       Constrict         |     2 |     3 |     8 ||    13
       Dagger            |     2 |    17 |    23 ||    42
       Tentacles         |     2 |     2 |    10 ||    14
       Punch             |       |     1 |       ||     1
 Cast: Shock             |    48 |   125 |    65 ||   238
       Magic Dart        |       |     1 |     3 ||     4
       Airstrike         |       |       |     1 ||     1
Evoke: Wand              |       |       |     5 ||     5
  Use: Scroll            |       |     4 |     2 ||     6
       Potion            |       |       |     1 ||     1
 Stab: Distracted        |       |     1 |       ||     1
Armor: Skin              |     1 |     3 |    11 ||    15
Dodge: Dodged            |     1 |    18 |    32 ||    51

Table legend: (Time is in decaauts)
 A = Elapsed time spent in this place.
 B = Non-inter-level travel time spent in this place.
 C = Inter-level travel time spent in this place.
 D = Time resting spent in this place.
 E = Time spent auto-exploring this place.
 F = Levels seen in this place.
 G = Mean time per level.
                   A        B        C        D        E       F      G
               +--------+--------+--------+--------+--------+-----+--------+
         Total |   6500 |   6231 |    269 |   1911 |   3240 |   8 |  812.5 |
       Dungeon |   6128 |   5859 |    269 |   1827 |   2995 |   6 | 1021.3 |
        Temple |    252 |    252 |      0 |      0 |    245 |   1 |  252.0 |
         Sewer |    119 |    119 |      0 |     84 |      0 |   1 |  119.0 |
               +--------+--------+--------+--------+--------+-----+--------+

Top non-repeatable levels by time:
     D:2: 1477 daAuts
     D:4: 1248 daAuts
     D:1: 1113 daAuts
     D:3: 1003 daAuts
     D:5: 909 daAuts
     D:6: 375 daAuts
  Temple: 252 daAuts
   Sewer: 119 daAuts

Table legend:
 A = Kills in this place as a percentage of kills in entire the game.
 B = Kills by you in this place as a percentage of kills by you in the entire game.
 C = Kills by friends in this place as a percentage of kills by friends in the entire game.
 D = Other kills in this place as a percentage of other kills in the entire game.
 E = Experience gained in this place as a percentage of experience gained in the entire game.
 F = Experience gained in this place divided by the number of levels of this place that you have seen.
                   A       B       C       D       E      F
               +-------+-------+-------+-------+-------+----------------------
         Total | 100.0 | 100.0 |   N/A |   N/A | 100.0 | 147.8
       Dungeon |  97.4 |  97.4 |   N/A |   N/A |  99.7 | 196.3
         Sewer |   2.6 |   2.6 |   N/A |   N/A |   0.3 |   4.0
               +-------+-------+-------+-------+-------+----------------------
